 Dungeon Crawl Stone Soup version 0.28-a0-1190-g77e1c55843 (webtiles) character file.

Game seed: 4590325959502180891

29 Majang the Chopper (level 3, -2/30 HPs)
             Began as a Ghoul Gladiator on Dec 18, 2021.
             Was a Follower of Nemelex Xobeh.
             Slain by a phantom (8 damage)
             ... on level 2 of the Dungeon.
             The game lasted 00:03:33 (936 turns).

Majang the Chopper (Ghoul Gladiator)                 Turns: 936, Time: 00:03:34

Health: -2/30      AC:  6    Str: 19    XL:     3   Next: 16%
Magic:  2/2        EV: 11    Int:  3    God:    Nemelex Xobeh [*.....]
Gold:   15         SH:  0    Dex: 10    Spells: 2/2 levels left

rFire   . . .      SeeInvis .   a - +0 war axe
rCold   + . .      Faith    .   (no shield)
rNeg    + + +      Spirit   .   m - +0 ring mail
rPois   ∞          Reflect  .   c - +0 helmet
rElec   .          Harm     .   (no cloak)
rCorr   .          Rampage  .   (no gloves)
Will    .....                   (no boots)
Stlth   ..........              (no amulet)
HPRegen 0.00/turn               (no ring)
MPRegen 0.08/turn               (no ring)

@: inhibited regen
A: claws 1, cold resistance 1, negative energy resistance 3, inhibited
regeneration, torment resistance 2
a: Renounce Religion, Draw Escape, Draw Destruction, Draw Summoning


You were on level 2 of the Dungeon.
You worshipped Nemelex Xobeh.
Nemelex Xobeh was aware of your devotion.
You visited 1 branch of the dungeon, and saw 2 of its levels.

You collected 15 gold pieces.

Inventory:

Hand Weapons
 a - a +0 war axe (weapon)
Missiles
 d - 3 throwing nets (quivered)
Armour
 b - a +0 leather armour
 c - a +0 helmet (worn)
 j - a +0 chain mail
 m - a +0 ring mail (worn)
Scrolls
 e - a scroll of identify {unknown}
 g - a scroll of immolation {unknown}
 h - a scroll of torment {unknown}
 k - a scroll of blinking {unknown}
Potions
 f - a potion of might {unknown}
 i - a potion of invisibility {unknown}
 l - a potion of heal wounds {unknown}


   Skills:
 + Level 2.6 Fighting
 * Level 3.3 Axes
 - Level 1.7 Throwing
 - Level 2.6 Dodging
 + Level 1.1 Invocations


You had 2 spell levels left.
You didn't know any spells.
Your spell library was empty.

Dungeon Overview and Level Annotations

Branches:
Dungeon (2/15)

Altars:
Nemelex Xobeh


Innate Abilities, Weirdness & Mutations

You thrive by killing the living.
You are immune to poison.
You have sharp fingernails.
Your flesh is cold resistant. (rC+)
You are immune to negative energy. (rN+++)
You do not regenerate when monsters are visible.
You are immune to unholy pain and torment.


Message History

A goblin comes into view. It is wielding a +0 club.
The kobold barely misses you.
You miss the kobold.
The goblin unwields a +0 club.
The goblin wields a +0 hunting sling.
The goblin shoots a stone.
The stone barely misses you. The kobold hits you with a +0 whip.
Things that are here:
a +0 dagger; 4 stones; a kobold corpse The kobold throws a stone.
The stone hits you but does no damage.
You slash the kobold!
You kill the kobold!
You feel better.
You slash the phantom!
The phantom is heavily damaged.
The phantom hits you but does no damage.
You barely miss the phantom.
The phantom is heavily damaged.
The phantom hits you. The phantom closely misses you.
You barely miss the phantom.
The phantom is heavily damaged.
The phantom misses you.
You closely miss the phantom.
The phantom is heavily damaged.
The phantom closely misses you.
You miss the phantom.
The phantom is heavily damaged.
The phantom barely misses you. The phantom hits you!
You hit the phantom but do no damage.
The phantom is heavily damaged.
The phantom hits you.
The phantom blinks!
You blink.
The goblin shoots a stone.
The stone closely misses you.
You hit the phantom but do no damage.
The phantom is heavily damaged.
The phantom hits you.
The goblin shoots a stone.
The stone barely misses you.
You closely miss the phantom.
The phantom is heavily damaged.
The phantom hits you.
* * * LOW HITPOINT WARNING * * *
The goblin shoots a stone.
The stone barely misses you. The phantom hits you!
You die...
Your body glows slightly and disappears.

. .. ### ...
... ... #g# ..
#.#
####.#.######
#@.....g)...#
#...W..#.####.#
######.#.#<##.#
#.#....#
#.###### ..#
###


You could see a phantom and a goblin.

Vanquished Creatures
  A dart slug (D:1)
  A bat (D:1)
  2 endoplasms (D:1)
  2 hobgoblins (D:1)
  3 kobolds
  A quokka (D:1)
  3 ball pythons (D:1)
  14 frilled lizards (D:1)
  3 rats (D:1)
30 creatures vanquished.

Vanquished Creatures (others)
  4 plants (D:1)
4 creatures vanquished.

Grand Total: 34 creatures vanquished

Notes
Turn   | Place    | Note
-------+----------+-------------------------------------------
     0 | D:1      | Majang the Ghoul Gladiator began the quest for the Orb.
     0 | D:1      | Reached XP level 1. HP: 17/17 MP: 0/0
   117 | D:1      | Found a faded altar of an unknown god.
   120 | D:1      | Prayed at the altar of an unknown god.
   120 | D:1      | Became a worshipper of Nemelex Xobeh the Trickster
   120 | D:1      | Reached * piety under Nemelex Xobeh
   230 | D:1      | Reached skill level 3 in Axes
   230 | D:1      | Reached XP level 2. HP: 25/25 MP: 1/1
   391 | D:1      | Reached skill level 1 in Invocations
   478 | D:1      | Reached XP level 3. HP: 30/30 MP: 2/2
   921 | D:2      | Noticed a phantom
   936 | D:2      | Slain by a phantom

Illustrated notes

Levels and vault maps discovered:
D:1:      elethiomel_arrival_infinity_welcomes_careful_drivers, layout_rooms,
          shapermc_ecumenical_altar_mp_vishouse, minmay_lizard_king
D:2:      layout_basic, chequers_serial_rivers_micro_e, grunt_ministairs_9,
          kennysheep_nondescript

Skill      XL: |  1  2 |
---------------+-------+-----
Axes           | 3 |  3.3
Invocations    | 1 |  1.1
Fighting       | |  2.6
Throwing       | |  1.7
Dodging        | |  2.6

Action                   || total
-------------------------++-------
Melee: War axe           ||    93
Armor: Leather armour    ||    20
       Chain mail        ||    14
       Ring mail         ||     4
Dodge: Dodged            ||    59

Table legend: (Time is in decaauts)
 A = Elapsed time spent in this place.
 B = Non-inter-level travel time spent in this place.
 C = Inter-level travel time spent in this place.
 D = Time resting spent in this place.
 E = Time spent auto-exploring this place.
 F = Levels seen in this place.
 G = Mean time per level.
                   A        B        C        D        E       F      G
               +--------+--------+--------+--------+--------+-----+--------+
         Total |    966 |    930 |     36 |      7 |    680 |   2 |  483.0 |
       Dungeon |    966 |    930 |     36 |      7 |    680 |   2 |  483.0 |
               +--------+--------+--------+--------+--------+-----+--------+

Top non-repeatable levels by time:
     D:1: 936 daAuts
     D:2: 30 daAuts
